 Dungeon Crawl Stone Soup version 0.31-a0-881-ge136f0c47a (webtiles) character file.

Game seed: 16111711602224207213

585 Demosthentine the Poker (level 7, 0/54 HPs)
             Began as a Demonspawn Gladiator on Oct 16, 2023.
             Slain by a gnoll
             ... wielding a +0 spear
              (3 damage)
             ... on level 5 of the Dungeon.
             The game lasted 00:06:24 (4761 turns).

Demosthentine the Poker (Demonspawn Gladiator)      Turns: 4761, Time: 00:06:25

Health: 0/54       AC:  5    Str: 16    XL:     7   Next: 14%
Magic:  7/7        EV: 13    Int:  9    God:
Gold:   242        SH:  0    Dex: 15    Spells: 6/6 levels left

rFire   . . .        a - +0 trident
rCold   . . .        (no shield)
rNeg    . . .        b - +0 leather armour
rPois   .            c - +1 helmet
rElec   .            (no cloak)
rCorr   .            (no gloves)
SInv    .            (no boots)
Will    .....        (no amulet)
Stlth   +            (no ring)
HPRegen 0.29/turn    (no ring)
MPRegen 0.10/turn

%: no passive effects
@: confused, ambrosia-drunk
A: powered by pain 2
a: no special abilities


You were on level 5 of the Dungeon.
You visited 1 branch of the dungeon, and saw 5 of its levels.

You collected 242 gold pieces.

Inventory:

Hand Weapons
 a - a +0 trident (weapon)
Missiles
 d - 3 throwing nets (quivered)
 e - a javelin
Armour
 b - a +0 leather armour (worn)
 c - a +1 helmet (worn)
Jewellery
 l - a ring of ice
 m - a ring of fire
 n - a ring of wizardry
Potions
 g - 3 potions of resistance
 h - 2 potions of lignification
 i - 2 potions of enlightenment
 k - 3 potions of attraction
 o - a potion of cancellation


   Skills:
 + Level 4.3 Fighting
 + Level 4.4 Polearms
 - Level 1.7 Throwing
 + Level 3.1 Armour
 + Level 4.4 Dodging


You had 6 spell levels left.
You didn't know any spells.
Your spell library contained the following spells:

 Spells                   Type           Power      Damage    Failure   Level
 Cigotuvi's Dreadful Rot  Necr/Pois/Air  0%         N/A       58%         2
 Ensorcelled Hibernation  Hex/Ice        0%         N/A       58%         2
 Passwall                 Tmut/Erth      0%         N/A       58%         2
 Ignite Poison            Fire/Tmut/Pois 0%         N/A       82%         3
 Swiftness                Air            0%         N/A       82%         3
 Freezing Cloud           Conj/Ice/Air   0%         6-21      100%        5


Dungeon Overview and Level Annotations

Branches:
Dungeon (5/15)
 Temple: D:4-7

Altars:
Sif Muna
Trog

Shops:
D:3 :

Annotations:
D:3 2 transporters


Innate Abilities, Weirdness & Mutations

You sometimes gain power by taking damage.


Message History

Press: ? - help, Dir - move target, f/p - gnoll
Aim: a gnoll, wielding a +0 halberd (severely wounded, about 35% to evade your +0 trident)
You reach to attack!
You closely miss the gnoll.
The gnoll is severely wounded.
The gnoll barely misses you.
Reach: a) +0 trident
Press: ? - help, Dir - move target, f/p - gnoll
Aim: a gnoll, wielding a +0 halberd (severely wounded, about 35% to evade your +0 trident)
You reach to attack!
You puncture the gnoll!
You kill the gnoll!
Unknown command.
Reach: a) +0 trident
Press: ? - help, Dir - move target, f - gnoll
Aim: a gnoll, wielding a +0 flail and quivering a throwing net (about 35% to evade your +0 trident)
You reach to attack!
You hit the gnoll.
The gnoll is lightly wounded.
The gnoll hits you with a +0 flail.
The gnoll throws a throwing net.
The throwing net hits you.
You become entangled in the net!
You see here a throwing net.
You tear a large gash into the net.
You struggle against the net.
You struggle against the net.
The gnoll hits you but does no damage. The gnoll barely misses you.
You shred the net and break free! The gnoll hits you with a +0 flail!
* * * LOW HITPOINT WARNING * * *
The gnoll hits you from afar with a +0 spear!
* * * LOW HITPOINT WARNING * * *
Unknown command.
Sorry, you're not good enough to have a special ability.
It was a potion of ambrosia.
You are confused.
You feel invigorated. The gnoll hits you with a +0 flail!
* * * LOW HITPOINT WARNING * * *
The gnoll closely misses you.
Unknown command.
You bump into the rock wall.
The gnoll hits you with a +0 flail.
* * * LOW HITPOINT WARNING * * *
The gnoll hits you from afar with a +0 spear.
You die...

# ##......# ##.........
#gh###.## #......... #g##
##.### ##........ #.#
##..## ##....... ##.#
##..## ##..####. ####..#
##..## ##..## # ###.....#
##...###..## #.....)###
####........##
#..#####..###gg@.......##
#. #.....h####.....#
#...#### #....## #..†#
##..## #..## #..# #..#
#.## ...# #.# ..... ##.#
#..... #..#


You could see 2 gnolls and a jackal.

Vanquished Creatures
  The ghost of pokeman the Magician, an amateur DEHW (D:4)
  2 scorpions (D:4)
  A hound (D:5)
  An iguana (D:5)
  An orc wizard (D:3)
  A sleepcap (D:4)
  5 gnolls
  6 adders
  5 worms
  A dart slug (D:3)
  13 orcs
  9 ball pythons
  4 bats
  13 endoplasms
  4 giant cockroaches
  7 goblins
  7 hobgoblins
  9 jackals
  9 kobolds
  4 quokkas
  2 frilled lizards
  24 rats
129 creatures vanquished.

Notes
Turn   | Place    | Note
-------+----------+-------------------------------------------
     0 | D:1      | Demosthentine the Demonspawn Gladiator began the quest for
                  | the Orb.
     0 | D:1      | Reached XP level 1. HP: 16/16 MP: 1/1
     1 | D:1      | Found a runed translucent door.
   132 | D:1      | Gained mutation: You sometimes gain a little power by
                  | taking damage. [demonic ancestry]
   132 | D:1      | Reached XP level 2. HP: 22/22 MP: 2/2
   695 | D:1      | Reached skill level 1 in Armour
   701 | D:1      | Reached XP level 3. HP: 20/28 MP: 3/3
  1525 | D:2      | Reached XP level 4. HP: 19/34 MP: 4/4
  2498 | D:3      | Found Askutoyx's Book Boutique.
  2519 | D:3      | Reached XP level 5. HP: 41/41 MP: 5/5
  2549 | D:3      | Found a transporter.
  2639 | D:3      | Found a transporter.
  2681 | D:3      | Found a faded altar of an unknown god.
  3181 | D:4      | Found a runed translucent door.
  3318 | D:4      | Found a shimmering blue altar of Sif Muna.
  3332 | D:4      | Gained mutation: You sometimes gain power by taking damage.
                  | [demonic ancestry]
  3332 | D:4      | Reached XP level 6. HP: 16/47 MP: 6/6
  4303 | D:4      | Found a bloodstained altar of Trog.
  4376 | D:4      | Noticed pokeman's ghost (amateur DEHW)
  4396 | D:4      | Killed pokeman's ghost
  4413 | D:5      | Entered Level 5 of the Dungeon
  4421 | D:5      | Reached XP level 7. HP: 15/54 MP: 7/7
  4760 | D:5      | HP: 1/54 [gnoll/+0 flail (7)]
  4761 | D:5      | Slain by a gnoll

Illustrated notes

Levels and vault maps discovered:
D:1:      dpeg_arrival_caged_fury, layout_basic
D:2:      layout_rooms, serial_co_window_serial, co_window_paths_a,
          co_window_corner_a, co_window_paths_a, co_window_paths_b,
          co_window_corner_a, co_window_cross_1, co_window_paths_a,
          co_window_unsneaky_path_c, co_window_2corner, co_window_broadway_c,
          co_window_2corner, co_window_cross_3, co_window_broadway_a,
          glass_columns_b
D:3:      gammafunk_steamed_eel, layout_basic,
          hellmonk_ecumenical_altar_arch_garden, serial_shops, shop,
          kennysheep_minor_cross
D:4:      layout_loops_ring, lightli_temple_of_fire,
          mainiacjoe_overflow_catwalk_spiral, ebering_ghost_reflecting_pool,
          minmay_rat_hole
D:5:      layout_layer_cave, general_overflow_altar

Skill      XL: |  1  2  3  4  5  6 |
---------------+-------------------+-----
Dodging        | 3 4 |  4.4
Polearms       | 3 4 |  4.4
Armour         | 1 2 3 |  3.1
Fighting       | 3 4 |  4.3
Throwing       | |  1.7

Action                     |  1- 3 |  4- 6 |  7- 9 || total
---------------------------+-------+-------+-------++-------
  Melee: Trident           |   167 |   282 |    37 ||   486
         Punch             |       |     4 |     1 ||     5
    Use: Scroll            |     4 |     6 |       ||    10
         Potion            |       |     1 |     1 ||     2
   Stab: Sleeping          |     3 |     2 |       ||     5
 Armour: Leather armour    |    72 |   123 |    30 ||   225
  Dodge: Dodged            |    86 |   151 |    36 ||   273

Table legend: (Time is in decaauts)
 A = Elapsed time spent in this place.
 B = Non-inter-level travel time spent in this place.
 C = Inter-level travel time spent in this place.
 D = Time resting spent in this place.
 E = Time spent auto-exploring this place.
 F = Levels seen in this place.
 G = Mean time per level.
                   A        B        C        D        E       F      G
               +--------+--------+--------+--------+--------+-----+--------+
         Total |   4836 |   4780 |     56 |    321 |   3417 |   5 |  967.2 |
       Dungeon |   4836 |   4780 |     56 |    321 |   3417 |   5 |  967.2 |
               +--------+--------+--------+--------+--------+-----+--------+

Top non-repeatable levels by time:
     D:4: 1550 daAuts
     D:2: 1154 daAuts
     D:1: 970 daAuts
     D:3: 807 daAuts
     D:5: 354 daAuts
